Map: [ESL] Cosmic Sapphire

Players

SpeCial - Winner!

  • Race: Terran Terran
  • Spawn Location: 5:00

Kelazhur

  • Race: Terran Terran
  • Spawn Location: 11:00

Event: DreamHack SC2 Masters 2022 Atlanta (Online)

VOD

Have the link to the VOD?

Description

Time

  • Played on: Sept. 30, 2022, 3:32 p.m.
  • Length: 15:11

All games in this series

Show
View Real Time Build Order
Export as new Build Order

SpeCial Terran - Winner!

Build Orders: Cyclone Opening, Mech 

Get SALT Encoding   

  12  0:00  SCV  
  13  0:12  SCV  
  14  0:17  Supply Depot  
  14  0:24  SCV  
  14  0:27  Refinery  
  15  0:39  SCV  
  16  0:45  Barracks  
  16  0:51  SCV  
  16  0:55  Refinery  
  17  1:03  SCV  
  18  1:15  SCV  
  19  1:32  Reaper, Orbital Command  
  20  1:35  Factory  
  20  1:41  Supply Depot  
  20  1:59  SCV  
  21  2:04  Barracks Tech Lab  
  21  2:11  SCV  
  22  2:23  SCV  
  22  2:25  Command Center  
  22  2:35  SCV  
  23  2:41  Cyclone, Mag-Field Accelerator  
  26  2:47  SCV  
  26  2:48  Supply Depot  
  27  2:59  SCV  
  28  3:11  SCV  
  29  3:13  Cyclone  
  31  3:23  SCV  
  31  3:24  Starport  
  32  3:35  SCV  
  33  3:42  Orbital Command  
  33  3:44  Refinery  
  33  3:45  Cyclone  
  33  3:48  SCV  
  37  4:00  SCV  
  38  4:06  Medivac  
  40  4:10  SCV  
  40  4:12  SCV  
  42  4:19  Cyclone  
  46  4:26  SCV x2  
  47  4:33  Barracks  
  47  4:38  SCV x2  
  49  4:40  Starport Tech Lab  
  49  4:44  Command Center  
  49  4:50  SCV x2  
  51  4:54  Siege Tank  
  54  5:05  SCV  
  54  5:16  SCV  
  54  5:17  SCV  
  53  5:28  SCV  
  54  5:32  Refinery  
  54  5:36  SCV, Factory, Siege Tank  
  54  5:39  Raven  
  54  5:40  SCV  
  54  5:42  Supply Depot  
  58  5:48  SCV  
  59  5:50  Engineering Bay  
  59  5:52  SCV  
  59  5:55  Factory  
  60  6:01  SCV  
  62  6:04  SCV  
  62  6:05  Orbital Command  
  62  6:08  Siege Tank  
  65  6:13  SCV  
  65  6:16  SCV  
  67  6:20  Factory Tech Lab  
  67  6:25  SCV  
  68  6:26  Missile Turret  
  68  6:28  SCV  
  68  6:29  Missile Turret  
  68  6:30  Starport Reactor  
  68  6:31  SCV  
  70  6:37  SCV  
  71  6:40  Cyclone, SCV  
  71  6:41  Cyclone, Factory Reactor  
  71  6:44  SCV  
  71  6:46  Refinery  
  79  6:48  Refinery  
  79  6:49  SCV  
  79  6:53  SCV  
  81  6:56  SCV, Armory  
  81  6:57  Command Center  
  81  7:00  Sensor Tower  
  82  7:01  SCV  
  82  7:02  Missile Turret  
  82  7:05  SCV  
  82  7:08  SCV  
  85  7:12  Supply Depot  
  85  7:30  Supply Depot  
  85  7:33  Viking x2, SCV x2  
  85  7:34  Hellion  
  85  7:36  Supply Depot  
  93  7:39  Supply Depot  
  93  7:52  SCV x3, Siege Tank, Hellion  
  93  7:57  Siege Tank  
  93  7:58  Terran Vehicle Weapons Level 1, Hellion  
  106  8:04  SCV x3  
  109  8:14  Hellion  
  109  8:16  SCV x2  
  109  8:19  Hellion, Factory  
  109  8:20  SCV, Factory  
  109  8:24  Viking x2, Siege Tank  
  117  8:28  SCV x2  
  117  8:29  Siege Tank  
  117  8:32  SCV  
  123  8:34  Sensor Tower, Planetary Fortress  
  123  8:40  SCV  
  124  8:45  Hellion x2  
  128  8:50  SCV x2  
  128  8:52  SCV  
  128  8:53  Armory  
  131  8:56  Supply Depot  
  131  9:02  SCV  
  132  9:04  SCV  
  132  9:07  Viking  
  132  9:08  Viking  
  130  9:18  Siege Tank x2  
  130  9:19  SCV x3  
  130  9:20  Factory Tech Lab, Factory Reactor  
  139  9:25  Hellion  
  139  9:34  Missile Turret  
  139  9:36  Missile Turret  
  139  9:39  Viking, Missile Turret  
  139  9:40  Hellion  
  139  9:46  Hellion  
  139  9:53  Hellion x2  
  139  9:55  Refinery  
  139  9:56  Refinery, Command Center  
  139  9:57  Siege Tank  
  139  9:58  Supply Depot x2  
  140  10:00  Supply Depot  
  140  10:01  Supply Depot, Terran Vehicle And Ship Armor Level 1, Terran Vehicle Weapons Level 2  
  140  10:04  SCV, Hellion  
  140  10:13  Supply Depot x2  
  140  10:20  SCV x2, Siege Tank x2  
  148  10:21  SCV  
  152  10:28  Refinery  
  152  10:29  Missile Turret  
  152  10:31  Missile Turret  
  152  10:32  SCV x2  
  152  10:33  SCV  
  152  10:34  Hellion x4  
  158  10:35  Viking x2  
  158  10:40  SCV  
  158  10:41  Supply Depot  
  163  10:44  SCV x2  
  163  10:45  SCV  
  163  10:48  Factory  
  163  10:49  Siege Tank, Factory  
  169  10:50  Missile Turret  
  169  10:51  Factory  
  169  10:52  Siege Tank  
  169  10:55  Hellion x4, Missile Turret  
  180  10:59  Infernal Pre-Igniter  
  180  11:03  SCV x3, Siege Tank  
  186  11:05  Viking  
  186  11:07  Supply Depot  
  186  11:08  Viking  
  190  11:18  Hellion x3  
  192  11:19  Hellion  
  192  11:21  Siege Tank  
  192  11:24  Missile Turret, Siege Tank  
  198  11:38  Viking  
  200  11:46  Siege Tank  
  200  11:47  Hellion  
  193  11:49  Hellion x2  
  193  11:50  Liberator  
  193  11:53  Siege Tank  
  187  11:56  Siege Tank  
  187  11:57  Hellion  
  187  11:59  Hellion  
  178  12:16  Viking  
  178  12:18  Siege Tank  
  178  12:20  Hellion x4  
  189  12:23  Factory Tech Lab, Factory Reactor  
  189  12:24  Factory Reactor  
  189  12:25  Siege Tank  
  189  12:28  Siege Tank  
  195  12:30  Command Center  
  195  12:36  Command Center  
  195  12:37  Viking  
  195  12:43  Command Center  
  195  12:44  Terran Vehicle And Ship Armor Level 2  
  195  12:46  Supply Depot  
  195  12:50  Hellion x2  
  195  12:51  Viking  
  196  12:59  Hellion  
  196  13:01  Siege Tank  
  196  13:04  Hellion  
  196  13:05  Hellion  
  195  13:06  Siege Tank  
  195  13:08  Viking, Hellion x2  
  200  13:13  Orbital Command  
  200  13:16  Hellion x2  
  200  13:17  Siege Tank  
  200  13:19  Hellion  
  166  13:27  Hellion, Siege Tank  
  166  13:28  Hellion, SCV x2  
  166  13:33  Siege Tank  
  147  13:40  SCV  
  147  13:41  SCV  
  143  13:42  SCV  
  143  13:45  Hellion, Siege Tank  
  149  13:49  Hellion x2, Siege Tank  
  149  13:53  SCV x2  
  149  13:54  SCV  
  159  13:59  Siege Tank, Planetary Fortress  
  159  14:00  Orbital Command  
  159  14:02  Factory Tech Lab  
  162  14:05  SCV x2, Siege Tank  
  162  14:06  SCV  
  168  14:11  Hellion  
  168  14:13  Hellion  
  172  14:17  SCV x2, Siege Tank  
  172  14:18  SCV  
  172  14:21  Siege Tank  
  172  14:23  Hellion x2, Siege Tank  
  188  14:27  Hellion  
  190  14:31  Siege Tank  
  190  14:37  Hellion, Siege Tank  
  193  14:45  Orbital Command  
  181  14:47  Hellion  
  181  14:48  Hellion  
  181  14:50  SCV  
Show
View Real Time Build Order
Export as new Build Order

Kelazhur Terran 

Build Orders:  

Get SALT Encoding   

  12  0:00  SCV  
  13  0:12  SCV  
  14  0:17  Supply Depot  
  14  0:24  SCV  
  15  0:38  SCV  
  15  0:40  Barracks  
  16  0:43  Refinery  
  16  0:51  SCV  
  16  0:52  Refinery  
  17  1:03  SCV  
  18  1:15  SCV  
  19  1:27  Reaper, Orbital Command  
  19  1:32  Supply Depot  
  20  1:41  Factory  
  20  1:53  SCV  
  21  1:59  Reaper  
  22  2:05  SCV  
  23  2:17  SCV  
  23  2:21  Command Center  
  24  2:29  Hellion, SCV  
  27  2:32  Barracks Reactor  
  26  2:41  SCV  
  26  2:43  Supply Depot  
  27  2:50  Factory Tech Lab  
  27  2:53  SCV  
  27  2:54  Starport  
  29  3:05  SCV  
  29  3:11  Cyclone  
  32  3:17  SCV  
  32  3:23  Marine x2  
  34  3:29  SCV  
  34  3:32  Starport Tech Lab  
  34  3:33  Orbital Command  
  35  3:40  Marine x2  
  37  3:42  SCV  
  37  3:44  Siege Tank  
  41  3:53  Refinery  
  41  3:54  SCV  
  41  3:55  Bunker  
  42  3:58  Viking  
  42  3:59  SCV  
  42  4:00  Marine  
  46  4:06  SCV  
  46  4:11  SCV  
  47  4:18  SCV  
  47  4:23  SCV  
  47  4:25  Bunker  
  47  4:30  SCV  
  47  4:35  SCV, Raven  
  50  4:41  Supply Depot  
  50  4:42  SCV  
  51  4:47  Command Center  
  51  4:48  SCV  
  52  4:54  SCV  
  53  5:00  Supply Depot, SCV  
  53  5:03  Siege Tank, Marine x2  
  53  5:06  SCV  
  59  5:15  SCV  
  59  5:18  SCV  
  59  5:21  Marine x2  
  59  5:27  Raven  
  59  5:28  SCV  
  60  5:30  SCV  
  61  5:36  Refinery  
  61  5:37  Supply Depot  
  61  5:38  Barracks, Marine x2  
  61  5:39  Barracks  
  61  5:40  SCV  
  61  5:42  Siege Tank  
  67  5:43  SCV  
  68  5:51  Engineering Bay  
  68  5:52  SCV  
  68  5:53  Engineering Bay  
  68  5:55  SCV  
  70  5:58  Marine x2  
  71  6:06  Supply Depot  
  71  6:07  Supply Depot  
  71  6:23  Terran Infantry Armor Level 1, Terran Infantry Weapons Level 1  
  71  6:28  Barracks Reactor, Viking x2, Siege Tank, SCV x2  
  71  6:30  Barracks Reactor  
  71  6:31  Marine  
  71  6:32  Supply Depot  
  81  6:39  Orbital Command  
  81  6:40  SCV  
  81  6:42  SCV  
  83  6:49  Barracks  
  83  6:50  Barracks, Marine  
  83  6:52  SCV  
  85  6:59  SCV  
  85  7:00  Supply Depot, Siege Tank  
  89  7:06  Viking x2, Orbital Command  
  93  7:12  Marine x3  
  93  7:13  Marine  
  93  7:14  SCV  
  98  7:17  SCV  
  98  7:25  Orbital Command  
  98  7:29  SCV  
  97  7:31  SCV  
  97  7:33  Siege Tank  
  97  7:34  Missile Turret  
  97  7:37  Armory  
  101  7:38  Supply Depot, Barracks Tech Lab x2  
  101  7:46  SCV  
  101  7:48  Marine x4  
  101  7:50  Medivac x2  
  110  7:55  SCV  
  110  7:56  Supply Depot  
  110  7:57  Combat Shield  
  111  8:02  SCV  
  110  8:06  Marauder  
  110  8:07  Marine  
  110  8:10  Stimpack  
  110  8:12  SCV x2  
  115  8:14  Marauder, Marine x2  
  115  8:15  SCV  
  115  8:19  Liberator  
  118  8:20  Marine x2  
  118  8:24  SCV x2  
  118  8:25  Supply Depot, Marine  
  118  8:27  Refinery x2, Marine  
  126  8:29  Supply Depot, SCV  
  128  8:34  Marine x2  
  128  8:35  Marauder  
  128  8:36  SCV  
  133  8:41  Barracks Reactor  
  133  8:42  Barracks Tech Lab  
  133  8:44  Marine  
  133  8:46  Marine  
  133  8:47  Viking, Marauder, SCV  
  139  8:49  Missile Turret  
  139  8:51  Missile Turret  
  139  8:52  SCV  
  140  8:55  Marine x2  
  140  8:57  Siege Tank, Marauder  
  148  9:02  SCV  
  148  9:03  SCV  
  148  9:04  SCV, Marine  
  148  9:07  Supply Depot  
  148  9:17  SCV  
  149  9:28  Viking  
  149  9:29  Marauder x3, Marine  
  157  9:40  SCV x2  
  157  9:43  SCV  
  157  9:45  Viking  
  156  9:47  Siege Tank  
  156  9:50  Marauder  
  157  9:52  SCV  
  157  9:53  Terran Infantry Weapons Level 2  
  157  9:58  Command Center  
  157  10:02  Supply Depot  
  157  10:08  Supply Depot  
  157  10:16  Supply Depot  
  157  10:18  Terran Infantry Armor Level 2  
  157  10:23  Viking, Marine x5  
  157  10:24  Marauder x2  
  164  10:30  Medivac, Siege Tank  
  164  10:34  Supply Depot  
  169  10:38  Supply Depot  
  169  10:41  Marine  
  169  10:42  Marauder  
  172  10:45  Marauder, Marine x3  
  177  10:52  Supply Depot  
  177  10:55  SCV x2  
  179  10:59  Supply Depot  
  179  11:02  Supply Depot  
  179  11:04  Marauder x2, Marine x3  
  184  11:05  Marine  
  184  11:06  Supply Depot, Medivac x2, Siege Tank  
  194  11:16  SCV x2  
  196  11:21  Concussive Shells, Marauder  
  191  11:40  Marauder  
  191  11:42  Command Center  
  191  11:44  Marauder  
  191  11:45  Siege Tank  
  191  11:46  Marine  
  192  11:47  Marauder  
  192  11:49  Marine x2  
  186  11:56  Medivac x2  
  186  12:00  Marine  
  189  12:02  Marauder  
  189  12:04  Marine  
  189  12:05  Marauder  
  189  12:07  Marine x2  
  178  12:08  Marauder  
  150  12:17  Siege Tank, Marine  
  150  12:18  Planetary Fortress  
  150  12:19  SCV  
  150  12:20  SCV x2  
  150  12:21  Factory  
  150  12:22  Marine  
  153  12:23  Marauder  
  153  12:24  Terran Infantry Weapons Level 3  
  153  12:26  Medivac  
  153  12:27  Marauder  
  157  12:30  Marauder, Marine x2  
  157  12:32  SCV  
  157  12:34  SCV  
  160  12:38  Marine  
  160  12:40  Viking, Marine  
  156  12:45  Marauder  
  156  12:47  SCV x3  
  156  12:48  Marauder, Marine  
  159  12:51  Marauder  
  159  12:53  Siege Tank, Marine  
  159  12:56  Marine  
  159  12:58  Marine  
  154  13:06  Marauder  
  154  13:09  Marauder  
  154  13:10  Marine  
  154  13:11  Marine  
  154  13:12  Marauder  
  154  13:13  Viking  
  150  13:20  Marine  
  126  13:27  Marauder  
  126  13:31  Marauder  
  126  13:33  SCV  
  126  13:34  SCV x2, Marauder  
  101  13:37  Medivac  
  101  13:39  Marine  
  101  13:41  Marine  
  101  13:46  SCV x2, Orbital Command  
  100  13:49  Marauder  
  100  13:52  Marauder  
  100  13:55  Marauder, Marine x2  
  108  13:56  Siege Tank  
  108  14:01  Medivac  
  113  14:02  Marine  
  113  14:03  Marine  
  113  14:07  Medivac  
  117  14:10  Marauder  
  117  14:14  Marauder  
  120  14:19  Marine x2  
  120  14:20  Marauder  
  120  14:22  Marine  
  125  14:27  Marine  
  125  14:31  Marauder  
  125  14:34  Marine  
  125  14:37  Marine  
  125  14:44  Marauder, Marine x2  
Tags
 
Add a new tag
Caveats
  • Supply blocks, unpowered buildings, or Contaminate may cause inaccurate times.
  • Supply counts are checked every 10 seconds.